 Dungeon Crawl Stone Soup version 0.29.1 (webtiles) character file.

Game seed: 4341463117776381509

11 Artool the Ducker (level 2, 22/22 HPs)
             Began as a Demonspawn Gladiator on Sept 14, 2022.
             Quit the game on level 1 of the Dungeon.
             The game lasted 00:01:00 (538 turns).

Artool the Ducker (Demonspawn Gladiator)             Turns: 538, Time: 00:01:01

Health: 22/22      AC:  4    Str: 14    XL:     2   Next: 17%
Magic:  2/2        EV: 12    Int:  9    God:
Gold:   31         SH:  0    Dex: 14    Spells: 1/1 levels left

rFire   . . .      SeeInvis .   a - +0 flail
rCold   . . .      Faith    .   (no shield)
rNeg    . . .      Spirit   .   b - +0 leather armour
rPois   .          Reflect  .   c - +0 helmet
rElec   .          Harm     .   (no cloak)
rCorr   .          Rampage  .   (no gloves)
Will    .....                   (no boots)
Stlth   +.........              (no amulet)
HPRegen 0.07/turn               (no ring)
MPRegen 0.16/turn               (no ring)

@: no status effects
A: magic regeneration
a: no special abilities


You were on level 1 of the Dungeon.
You visited 1 branch of the dungeon, and saw 1 of its levels.

You collected 31 gold pieces.

Inventory:

Hand Weapons
 a - a +0 flail (weapon)
Missiles
 d - 3 throwing nets (quivered)
 e - a javelin
Armour
 b - a +0 leather armour (worn)
 c - a +0 helmet (worn)
Scrolls
 f - a scroll of noise {unknown}


   Skills:
 + Level 2.2 Fighting
 + Level 2.8 Maces & Flails
 - Level 2.0 Throwing
 + Level 0.4 Armour
 + Level 2.8 Dodging


You had one spell level left.
You didn't know any spells.
Your spell library was empty.

Dungeon Overview and Level Annotations

Branches:
Dungeon (1/15)

Altars:


Innate Abilities, Weirdness & Mutations

You regenerate magic rapidly.


Message History

An endoplasm is nearby!
You are too injured to fight recklessly!
You hit the endoplasm.
The endoplasm is severely wounded.
The endoplasm barely misses you.
You hit the endoplasm.
You kill the endoplasm!
You have reached level 2!
Your demonic ancestry asserts itself...
Your magic begins to regenerate rapidly.
Key pressed, stopping explore.
No target in view!
f - a scroll labelled IZE ZIGIALA No target in view!
A goblin and a rat come into view.
Found 11 gold pieces.
You hit the rat.
You kill the rat!
A goblin is nearby!
You see here a rat corpse.
A goblin is nearby!
The goblin closely misses you.
A goblin is nearby!
You barely miss the goblin. The goblin hits you with a +0 dagger.
A goblin is nearby!
You hit the goblin but do no damage. The goblin closely misses you.
You barely miss the goblin. The goblin closely misses you.
The goblin barely misses you.
You hit the goblin.
You kill the goblin!
You see here a +0 dagger.
You now have 31 gold pieces (gained 11).
You see here 7 stones.
You open the door.
There is an open door here. 2 jackals and a goblin come into view.
The jackal barks! x2; The goblin shouts!
You sock the jackal!
You kill the jackal!
Are you sure you want to abandon this character and quit the game? (Confirm with "yes".)

#..........#
#.########.# #.# #.#
###'###### #.#
#........###.########
#........>..........#
#.............#####..
#....().†.##..######..
###+#####.##..@h......
###....[..#####.####.#
#.......##....#..##
#..........).....g.
#.......##..†.###...
###.......##....#
##...
#..........#....# ...
#..........#....# ..
#..........#....#


You could see a jackal and a goblin.

Vanquished Creatures
  A dart slug (D:1)
  An endoplasm (D:1)
  2 goblins (D:1)
  A jackal (D:1)
  A quokka (D:1)
  A ball python (D:1)
  A kobold (D:1)
  A rat (D:1)
9 creatures vanquished.

Notes
Turn   | Place    | Note
-------+----------+-------------------------------------------
     0 | D:1      | Artool the Demonspawn Gladiator began the quest for the
                  | Orb.
     0 | D:1      | Reached XP level 1. HP: 16/16 MP: 1/1
   336 | D:1      | Gained mutation: You regenerate magic rapidly. [demonic
                  | ancestry]
   336 | D:1      | Reached XP level 2. HP: 11/22 MP: 2/2
   538 | D:1      | Quit the game

Illustrated notes

Levels and vault maps discovered:
D:1:      dpeg_cavernosity, layout_basic, ebering_ecumenical_altar_petrified,
          dreamdust_princess_corridor

Skill      XL: |  1 |
---------------+----+-----
Throwing       | 2 |  2.0
Fighting       | |  2.2
Maces & Flails | |  2.8
Armour         | |  0.4
Dodging        | |  2.8

Action                   || total
-------------------------++-------
Melee: Flail             ||    21
Armor: Leather armour    ||     7
Dodge: Dodged            ||    15
